 Dungeon Crawl Stone Soup version 0.21-a0-552-g593960d (webtiles) character file.

1398 slep the Cleaver (level 8, 0/70 HPs)
             Began as a Minotaur Fighter on Dec 17, 2017.
             Slain by a centaur zombie (6 damage)
             ... on level 6 of the Dungeon.
             The game lasted 00:13:56 (3681 turns).

slep the Cleaver (Minotaur Fighter)                 Turns: 3681, Time: 00:13:57

Health: 0/70       AC:  9    Str: 20    XL:     8   Next: 41%
Magic:  7/7        EV: 11    Int: 10    God:
Gold:   262        SH:  3    Dex: 13    Spells: 7/7 levels left

rFire    . . .     SeeInvis .   a - +0 war axe
rCold    . . .     Gourm    .   (no shield)
rNeg     . . .     Faith    .   b - +0 scale mail
rPois    .         Spirit   .   (helmet restricted)
rElec    .         Reflect  +   (no cloak)
rCorr    .         Harm     .   (no gloves)
MR       .....     Rnd*Tele +   D - +0 pair of boots
Stlth    ..........             h - +3 amulet of reflection
HPRegen  0.21/turn              s - ring of teleportation (curse)
MPRegen  0.10/turn              E - +5 ring of intelligence

@: lethally poisoned (0 -> -3)
A: retaliatory headbutt, horns 2
a: no special abilities


You were on level 6 of the Dungeon.
You were not hungry.

You visited 1 branch of the dungeon, and saw 6 of its levels.

You collected 262 gold pieces.

Inventory:

Hand Weapons
 a - a +0 war axe (weapon)
 w - a +2 hunting sling of flaming
 x - a +0 blowgun
 z - a +0 blowgun
Missiles
 g - 4 tomahawks (quivered)
 p - 39 sling bullets
 y - 20 poisoned needles
Armour
 b - a +0 scale mail (worn)
 D - a +0 pair of boots (worn)
Jewellery
 h - a +3 amulet of reflection (around neck)
 s - a cursed ring of teleportation (left hand)
 E - a +5 ring of intelligence (right hand)
Wands
 j - a wand of iceblast (11)
 v - a wand of paralysis (14)
Scrolls
 i - a scroll of enchant weapon {unknown}
 l - 5 scrolls of teleportation {unknown}
 m - 7 scrolls of identify {unknown}
 n - a scroll of fear {unknown}
 o - a scroll of random uselessness {unknown}
 t - a scroll of blinking {unknown}
 u - 3 scrolls of remove curse {unknown}
 A - a scroll of immolation {unknown}
 C - 3 scrolls of enchant armour {unknown}
Potions
 c - 2 potions of heal wounds {unknown}
 d - a potion of might
 e - a potion of degeneration {unknown}
 k - 2 potions of curing {unknown}
 r - a potion of flight {unknown}
Comestibles
 f - 2 bread rations
 q - 2 royal jellies
 B - 2 meat rations
 F - 12 chunks of flesh


   Skills:
 + Level 6.1 Fighting
 + Level 9.4 Axes
 + Level 0.1 Throwing
 + Level 6.6 Armour
 + Level 3.0 Dodging
 + Level 0.4 Stealth
   Level 3.6 Shields


You had 7 spell levels left.
You didn't know any spells.

Dungeon Overview and Level Annotations

Branches:
Dungeon (6/15)
 Temple: D:4-7

Altars:
Qazlal
Ru
Trog
Xom

Portals:
Ossuary: D:6


Innate Abilities, Weirdness & Mutations

You reflexively headbutt those who attack you in melee.
You have a pair of horns on your head.


Message History

Things that are here:
a trident; a leather armour You feel sick.
A crimson imp comes into view.
You feel sick.
The crimson imp shouts!
Found a scroll labeled SUEPLATS ETAOT.
A wight comes into view. It is wielding a hand axe of freezing.
You feel sick.
Found a rapier.
The crimson imp blinks!
Found 29 stones and a purple potion.
You feel sick.
You slash the centaur zombie! You headbutt the centaur zombie!
The centaur zombie is severely damaged.
The centaur zombie closely misses you.
You hit the centaur zombie. You headbutt the centaur zombie.
The centaur zombie is almost destroyed.
You feel sick. The centaur zombie hits you.
You die...

#........ z..... #.
#.......#####....?.
.#.####. .......
......... ........
#####.#..###.z......
.######.
.......)[..#.#......
#. #..).......# #.
+..#.#.##### #<
####.#.# ####< ..#@#
#.###.... ####Z#
......... ...
.###..∩† ..... #..††
.().... #....
.......## #.#..
#.!.....# .....
#.......# ##.### #


You could see a wight and a centaur zombie.

Vanquished Creatures
  Pikel (D:5)
  An orc warrior (D:6)
  A slave (D:5)
  A phantom (D:5)
  An ogre (D:4)
  The ghost of Maimakterion the Cutter, an amateur DsGl of Gozag (D:3)
  A big kobold (D:4)
  A bullfrog (D:6)
  A howler monkey (D:5)
  An orc priest (D:6)
  2 hounds
  3 orc wizards (D:6)
  2 worker ants (D:6)
  A hound zombie (D:6)
  10 adders
  A shadow imp (D:5)
  An adder zombie (D:5)
  An adder skeleton (D:4)
  3 worms
  4 dart slugs
  2 leopard geckos
  3 orcs (D:6)
  2 giant cockroaches
  7 goblins
  7 hobgoblins
  13 jackals
  22 kobolds
  2 quokkas
  13 bats
  5 frilled lizards
  A leopard gecko skeleton (D:4)
  8 rats
  2 plants (D:4)
125 creatures vanquished.

Notes
Turn   | Place    | Note
-------+----------+-------------------------------------------
     0 | D:1      | slep the Minotaur Fighter began the quest for the Orb.
     0 | D:1      | Reached XP level 1. HP: 19/19 MP: 0/0
   347 | D:1      | Reached XP level 2. HP: 27/27 MP: 1/1
   713 | D:2      | Reached XP level 3. HP: 33/33 MP: 2/2
   727 | D:2      | Reached skill level 3 in Axes
   789 | D:2      | Reached skill level 4 in Axes
   789 | D:2      | Reached XP level 4. HP: 20/40 MP: 3/3
   912 | D:2      | Found a sacrificial altar of Ru.
  1175 | D:3      | Noticed Maimakterion's ghost (amateur DsGl)
  1189 | D:3      | Killed Maimakterion's ghost
  1189 | D:3      | Reached skill level 5 in Axes
  1189 | D:3      | Reached XP level 5. HP: 4/47 MP: 4/4
  1983 | D:4      | Noticed an ogre
  1987 | D:4      | Killed an ogre
  1987 | D:4      | Reached skill level 5 in Fighting
  1987 | D:4      | Reached skill level 1 in Dodging
  1987 | D:4      | Reached XP level 6. HP: 44/56 MP: 5/5
  2093 | D:4      | Reached skill level 6 in Axes
  2093 | D:4      | Reached skill level 5 in Armour
  2759 | D:5      | Entered Level 5 of the Dungeon
  2861 | D:5      | Found a stormy altar of Qazlal.
  2891 | D:5      | Reached XP level 7. HP: 48/61 MP: 6/6
  3006 | D:5      | Found a shimmering altar of Xom.
  3139 | D:5      | Found a bloodstained altar of Trog.
  3392 | D:5      | Noticed Pikel
  3404 | D:5      | Killed Pikel
  3404 | D:5      | Reached skill level 8 in Axes
  3404 | D:5      | Reached XP level 8. HP: 42/70 MP: 7/7
  3548 | D:6      | Reached skill level 9 in Axes
  3575 | D:6      | Found a sand-covered staircase.
  3681 | D:6      | Slain by a centaur zombie

Vault maps used:
D:1:      evilmike_arrival_plus
D:2:      marbit_many_paths, first_bread
D:4:      kennysheep_kobold_camp
D:5:      lightli_temple_of_fire, grunt_qazlal_sundering, tgw_xom, uniq_pikel
D:6:      enter_ossuary_1

Skill      XL: |  1  2  3  4  5  6  7  8 |
---------------+-------------------------+-----
Armour         | 4 5 6 |  6.6
Fighting       | 4 5 6 |  6.1
Axes           | 4 5 6 8 9 |  9.4
Dodging        | 1 2 3 |  3.0
Throwing       | |  0.1
Stealth        | |  0.4
Shields        | |  3.6

Action                   |  1- 3 |  4- 6 |  7- 9 || total
-------------------------+-------+-------+-------++-------
Melee: War axe           |    61 |   160 |    78 ||   299
       Headbutt          |     7 |    21 |    13 ||    41
Throw: Tomahawk          |     1 |     3 |       ||     4
  Eat: Chunk             |       |     6 |     3 ||     9
Armor: Scale mail        |    43 |    78 |    43 ||   164
Dodge: Dodged            |    34 |    59 |    51 ||   144
Block: Other             |     3 |    15 |    11 ||    29
       Reflection        |       |     3 |       ||     3

Table legend:
 A = Spawn XP
 B = Non-spawn XP
 C = Spawn XP percentage of total XP
 D = Spawn monster count
 E = Non-spawn monster count
 F = Spawn count percentage of total count
 G = Total turns spent on level
                    A         B        C        D         E        F      G
               +---------+---------+-------+---------+---------+-------+---------
         Total |       0 |    1998 |   0.0 |       0 |     122 |   0.0 |  3681
               +---------+---------+-------+---------+---------+-------+---------
           D:1 |       0 |      31 |   0.0 |       0 |      15 |   0.0 |   615
           D:2 |       0 |     107 |   0.0 |       0 |      25 |   0.0 |   419
           D:3 |       0 |     154 |   0.0 |       0 |      20 |   0.0 |   560
           D:4 |       0 |     268 |   0.0 |       0 |      29 |   0.0 |  1165
           D:5 |       0 |     890 |   0.0 |       0 |      14 |   0.0 |   764
           D:6 |       0 |     548 |   0.0 |       0 |      19 |   0.0 |   158
               +---------+---------+-------+---------+---------+-------+---------
